Map: Catalyst LE

Players

Classic - Winner!

  • Race: Protoss Protoss
  • Spawn Location: 5:00

Elazer

  • Race: Zerg Zerg
  • Spawn Location: 11:00

Event: IEM Season 12 - Katowice

VOD

Have the link to the VOD?

Description

Time

  • Played on: March 2, 2018, 12:41 p.m.
  • Length: 7:34

All games in this series

Show
View Real Time Build Order
Export as new Build Order

Classic Protoss - Winner!

Build Orders: 1 Gate Expand, Oracle Opening, Zealot Archon, Archon Drop 

Get SALT Encoding   

  12  0:00  Probe  
  13  0:12  Probe  
  14  0:17  Pylon  
  14  0:24  Probe  
  15  0:35  Gateway  
  15  0:38  Probe (Chrono Boost)  
  16  0:48  Probe (Chrono Boost), Assimilator  
  17  0:53  Probe (Chrono Boost)  
  18  1:05  Probe  
  19  1:17  Probe  
  20  1:26  Nexus  
  20  1:35  Cybernetics Core  
  20  1:39  Probe  
  21  1:45  Assimilator  
  21  1:52  Probe  
  22  1:58  Pylon  
  22  2:04  Probe  
  23  2:14  Adept (Chrono Boost)  
  23  2:17  Stargate  
  23  2:20  Probe  
  26  2:25  Warp Gate  
  26  2:33  Adept  
  26  2:34  Probe  
  29  2:41  Probe (Chrono Boost)  
  30  2:51  Probe (Chrono Boost)  
  31  2:53  Probe (Chrono Boost)  
  31  2:57  Oracle (Chrono Boost)  
  33  2:59  Probe (Chrono Boost)  
  33  3:00  Probe (Chrono Boost)  
  37  3:07  Probe  
  37  3:10  Probe  
  39  3:15  Adept  
  39  3:17  Pylon  
  41  3:22  Probe  
  40  3:29  Oracle (Chrono Boost), Gateway  
  43  3:36  Probe x2  
  45  3:48  Probe x2, Assimilator  
  47  3:50  Assimilator  
  47  3:53  Pylon  
  47  4:00  Probe (Chrono Boost)  
  47  4:02  Robotics Facility  
  49  4:06  Probe (Chrono Boost)  
  50  4:10  Probe (Chrono Boost), Pylon  
  50  4:13  Probe (Chrono Boost), Twilight Council  
  50  4:16  Probe  
  52  4:24  Probe  
  52  4:30  Probe  
  54  4:36  Probe  
  55  4:38  Gateway  
  55  4:40  Gateway  
  55  4:45  Gateway  
  55  4:47  Warp Prism (Chrono Boost), Gateway  
  57  4:53  Charge (Chrono Boost)  
  57  4:55  Pylon  
  57  5:02  Templar Archives  
  57  5:12  Zealot x2  
  61  5:15  Pylon  
  61  5:25  Nexus  
  61  5:29  Pylon  
  61  5:42  High Templar x4  
  69  5:43  Zealot x2  
  69  5:46  Archon x2  
  73  5:52  Pylon  
  73  5:55  Probe x2  
  73  5:56  Observer  
  76  6:09  Zealot x2  
  80  6:13  Probe x2  
  80  6:14  Zealot x4  
  80  6:16  Pylon  
  90  6:23  Immortal (Chrono Boost)  
  90  6:34  Zealot x3  
  90  6:38  Zealot  
  90  6:39  Zealot  
  81  6:51  Zealot  
  73  6:54  Zealot x3  
  73  7:00  Zealot x2  
  83  7:04  Immortal (Chrono Boost)  
  87  7:12  Zealot  
  87  7:15  Zealot  
  87  7:16  Zealot x2  
  87  7:20  Zealot  
  93  7:24  Zealot  
Show
View Real Time Build Order
Export as new Build Order

Elazer Zerg 

Build Orders: Hatch First 

Get SALT Encoding   

  12  0:00  Drone  
  13  0:11  Overlord  
  13  0:17  Drone  
  14  0:30  Drone x2  
  16  0:48  Hatchery  
  15  0:51  Drone  
  15  0:54  Drone  
  17  0:58  Drone  
  18  1:09  Extractor  
  17  1:13  Spawning Pool  
  17  1:17  Drone  
  17  1:20  Drone  
  18  1:27  Drone  
  19  1:38  Drone  
  20  1:49  Overlord  
  20  2:00  Queen x2  
  25  2:01  Zergling x2  
  25  2:02  Zergling x2  
  26  2:09  Metabolic Boost  
  26  2:11  Drone  
  26  2:13  Drone  
  28  2:21  Drone  
  28  2:22  Drone  
  30  2:31  Drone  
  30  2:32  Drone  
  32  2:41  Hatchery  
  31  2:47  Queen  
  33  2:51  Overlord  
  33  2:56  Drone x2  
  35  2:59  Drone  
  36  3:09  Drone  
  36  3:10  Drone x2  
  36  3:11  Drone x2  
  41  3:16  Overlord  
  41  3:20  Drone  
  41  3:25  Spore Crawler  
  41  3:26  Drone  
  40  3:29  Spore Crawler  
  40  3:31  Drone  
  41  3:37  Drone  
  41  3:39  Drone  
  41  3:42  Drone  
  41  3:43  Drone x2  
  38  3:49  Drone  
  39  3:56  Drone  
  39  3:59  Drone x2, Queen  
  39  4:00  Overlord  
  45  4:02  Drone  
  45  4:03  Drone  
  45  4:06  Spore Crawler, Drone x2  
  47  4:12  Drone  
  47  4:15  Spore Crawler, Drone  
  47  4:16  Drone  
  49  4:23  Queen  
  51  4:24  Queen  
  51  4:30  Drone x3  
  51  4:33  Drone  
  51  4:34  Drone  
  51  4:35  Drone  
  51  4:37  Drone  
  55  4:42  Lair  
  55  4:43  Drone  
  55  4:45  Drone  
  57  4:46  Drone  
  57  4:49  Overlord  
  57  4:50  Drone  
  59  4:56  Roach Warren  
  59  4:58  Drone, Extractor  
  59  4:59  Extractor  
  57  5:00  Drone  
  57  5:02  Drone x2  
  57  5:05  Drone x2  
  62  5:09  Drone  
  62  5:10  Drone x2  
  62  5:11  Drone  
  64  5:14  Overlord  
  64  5:18  Overlord  
  64  5:26  Overlord  
  64  5:37  Roach  
  64  5:38  Roach x8  
  82  5:46  Roach x4  
  89  5:52  Overlord  
  89  5:53  Roach x2  
  89  5:54  Drone x3  
  96  5:57  Drone  
  95  6:05  Overlord  
  95  6:10  Evolution Chamber, Drone, Extractor  
  95  6:11  Hydralisk Den  
  93  6:12  Roach x2  
  93  6:16  Overlord  
  93  6:18  Roach x2  
  101  6:20  Roach  
  101  6:23  Overlord  
  101  6:25  Roach  
  105  6:26  Overlord  
  101  6:37  Roach  
  101  6:39  Queen x3  
  97  6:42  Roach x4  
  97  6:46  Roach x2  
  89  6:54  Roach x3  
  89  6:58  Roach  
  89  7:03  Roach x2  
  91  7:14  Roach x2  
  91  7:15  Roach x2  

Tags
 
Add a new tag
Caveats
  • Supply blocks, unpowered buildings, or Contaminate may cause inaccurate times.
  • Supply counts are checked every 10 seconds.